 Dungeon Crawl Stone Soup version 0.18.1-50-g88ac8fd (webtiles) character file.

428 Qew7 the Covert (level 6, -3/41 HPs)
             Began as an Octopode Assassin on Oct 18, 2016.
             Slain by a phantom (8 damage)
             ... on level 4 of the Dungeon.
             The game lasted 00:16:49 (3800 turns).

Qew7 the Covert (Octopode Assassin)                 Turns: 3800, Time: 00:16:49

Health: -3/41      AC:  1    Str: 10    XL:     6   Next: 98%
Magic:  6/6        EV: 13    Int: 13    God:
Gold:   85         SH:  0    Dex: 16    Spells: 0 memorised, 5 levels left

rFire  x . .     SeeInvis .     f - +0 rapier (freeze)
rCold  + . .     Gourm    .     (no shield)
rNeg   . . .     Faith    .     (helmet restricted)
rPois  .         Spirit   .     (no amulet)
rElec  .         Dismiss  .     l - ring of ice
rCorr  .         Reflect  .     (no ring)
SustAt .         Harm     .     (no ring)
MR     .....                    (no ring)
Stlth  ++++++....               (no ring)
                                (no ring)
                                (no ring)
                                (no ring)

@: not resistant to hostile enchantments, very stealthy
A: almost no armour, amphibious, 8 rings, constrict 8, camouflage 1, gelatinous
body 1
a: no special abilities


You were on level 4 of the Dungeon.
You were not hungry.

You visited 1 branch of the dungeon, and saw 4 of its levels.

You collected 225 gold pieces.
You spent 140 gold pieces at shops.

Inventory:

Hand Weapons
 a - a +2 dagger
 b - a +0 blowgun
 f - a +0 rapier of freezing (weapon)
 q - a +1 dagger of draining
 s - a +2 hunting sling of evasion
Missiles
 c - a poisoned needle
 d - 8 curare-tipped needles
Jewellery
 l - a ring of ice (left tentacle)
Wands
 t - a wand of slowing (35/48)
Scrolls
 m - a scroll of teleportation
Potions
 e - a potion of ambrosia
 h - a potion of resistance
 j - 3 potions of magic
 k - a potion of invisibility
 o - 2 potions of degeneration {unknown}
 p - a potion of lignification {unknown}
 r - a potion of cure mutation {unknown}
 v - a potion of might {unknown}
Comestibles
 n - a bread ration
 u - a meat ration


   Skills:
 + Level 2.4 Fighting
 + Level 3.0 Short Blades
 - Level 2.0 Throwing
 * Level 2.2 Dodging
 + Level 10.0 Stealth


You had 5 spell levels left.
You didn't know any spells.

Dungeon Overview and Level Annotations

Branches:
Dungeon (4/15)
 Temple: D:4-7

Altars:
Okawaru
Pakellas
Trog
Vehumet
Zin

Shops:
D:4 [*


Innate Abilities, Weirdness & Mutations

You cannot wear most types of armour.
You are amphibious.
You can wear up to eight rings at the same time.
You can use your tentacles to constrict eight enemies at once.
Your skin changes colour to match your surroundings (Stealth).
Your rubbery body absorbs attacks (AC +1).


Message History

You shoot a poisoned needle. The poisoned needle hits the phantom.
The phantom is almost destroyed.
The phantom blinks!
Firing (i - inventory. (,) - cycle):
c - 2 poisoned needles (quivered)
Press: ? - help, Shift-Dir - straight line, f/p - phantom
Aim: a phantom (almost destroyed)
You shoot a poisoned needle.
The poisoned needle closely misses the phantom.
As you read the scroll of fear, it crumbles to dust.
You assume a fearsome visage.
The phantom is unaffected.
Your +0 rapier of freezing glows with a cold blue light!
f - a +0 rapier of freezing (weapon)
You are too injured to fight recklessly!
You barely miss the phantom. Your squeeze misses the phantom.
The phantom is almost destroyed.
The phantom closely misses you.
You closely miss the phantom.
The phantom is almost destroyed.
The phantom hits you!
You die...

##.# #.# #.# #.########### #.#
#.# ##.........((# #.# #.# #
##.##########[## #.# #.# ###.##
##.(.## #.# #.#
...##########...(.########.# #.#
#.#........##............#.# #.#
#.#.######.##.....######.#.###.#
#..........##(.W@..............#
###.#####.......########..###..##
#.# ##.##.#.##............... #
#.# #......##.#####<.#......
###.## ###†<#....#.# #......)..
##...###...........# #.##.###..
#.[...##.#..#....#######.##.# #..
>........#..................# ##.
#.....####.##............#### ##


You could see a phantom.

Vanquished Creatures
  An ogre (D:4)
  A howler monkey (D:4)
  2 crimson imps
  2 giant frog skeletons (D:4)
  Jessica (D:2)
  A worker ant (D:4)
  3 gnolls (D:3)
  2 adders
  An ooze (D:3)
  2 dart slugs
  2 giant geckos
  5 orcs
  5 bats
  4 giant cockroaches
  7 goblins
  8 hobgoblins
  A jackal (D:2)
  14 kobolds
  4 quokkas
  A ball python (D:3)
  5 giant newts
  9 rats
  A bush (D:4)
82 creatures vanquished.

Notes
Turn   | Place    | Note
--------------------------------------------------------------
     0 | D:1      | Qew7 the Octopode Assassin began the quest for the Orb.
     0 | D:1      | Reached XP level 1. HP: 14/14 MP: 1/1
   113 | D:1      | Reached XP level 2. HP: 19/19 MP: 2/2
   123 | D:1      | Reached skill level 6 in Stealth
   525 | D:1      | Reached XP level 3. HP: 24/24 MP: 3/3
  1270 | D:2      | Noticed Jessica
  1280 | D:2      | Killed Jessica
  1280 | D:2      | Reached skill level 7 in Stealth
  1280 | D:2      | Reached XP level 4. HP: 29/29 MP: 4/4
  1815 | D:2      | Found a bloodstained altar of Trog.
  2434 | D:3      | Reached skill level 8 in Stealth
  2438 | D:3      | Reached XP level 5. HP: 34/34 MP: 5/5
  3196 | D:4      | Found an iron altar of Okawaru.
  3225 | D:4      | Found a radiant altar of Vehumet.
  3225 | D:4      | Found an oddly glowing altar of Pakellas.
  3400 | D:4      | Reached skill level 9 in Stealth
  3400 | D:4      | Reached XP level 6. HP: 40/40 MP: 6/6
  3411 | D:4      | Found Jaogunolel's Armour Shop.
  3506 | D:4      | Found a glowing silver altar of Zin.
  3532 | D:4      | Found Mofol Yptudgh's General Store.
  3540 | D:4      | Bought a bread ration for 70 gold pieces
  3540 | D:4      | Bought a meat ration for 70 gold pieces
  3613 | D:4      | Reached skill level 10 in Stealth
  3768 | D:4      | Noticed a phantom
  3800 | D:4      | Slain by a phantom

Skill      XL: |  1  2  3  4  5  6 |
---------------+-------------------+-----
Stealth        | 6 7 8 9 10 | 10.0
Dodging        | 2 |  2.2
Short Blades   | 3 |  3.0
Fighting       | |  2.4
Throwing       | |  2.0

Action                   |  1- 3 |  4- 6 || total
-------------------------+-------+-------++-------
Melee: Dagger            |    39 |   185 ||   224
       Constrict         |     6 |    20 ||    26
       Tentacles         |     3 |    49 ||    52
       Rapier            |       |    30 ||    30
 Fire: Blowgun           |     5 |     5 ||    10
  Use: Scroll            |     3 |     8 ||    11
       Potion            |     1 |     2 ||     3
 Stab: Sleeping          |    21 |    23 ||    44
  Eat: Bread ration      |     1 |     1 ||     2
       Pizza             |       |     1 ||     1
       Beef jerky        |       |     1 ||     1
Armor: Skin              |     1 |     4 ||     5
Dodge: Dodged            |     7 |    45 ||    52
